 Dungeon Crawl Stone Soup version 0.29-a0-43-g62a80824bf (webtiles) character file.

Game seed: 4564620752635547306

1 blackman the Sneak (level 1, -1/18 HPs)
             Began as a Human Delver on Feb 2, 2022.
             Slain by a ball python (3 damage)
             ... on level 3 of the Dungeon.
             The game lasted 00:01:44 (292 turns).

blackman the Sneak (Human Delver)                    Turns: 292, Time: 00:01:44

Health: -1/18      AC:  5    Str: 12    XL:     1   Next: 22%
Magic:  1/1        EV:  7    Int: 10    God:
Gold:   23         SH:  0    Dex: 14    Spells: 0/0 levels left

rFire   . . .      SeeInvis .   a - +0 hand axe
rCold   . . .      Faith    .   (no shield)
rNeg    . . .      Spirit   .   d - +0 ring mail
rPois   .          Reflect  .   (no helmet)
rElec   .          Harm     .   (no cloak)
rCorr   .          Rampage  .   (no gloves)
Will    .....                   (no boots)
Stlth   ++........              (no amulet)
HPRegen 0.06/turn               (no ring)
MPRegen 0.07/turn               (no ring)

@: constricted
A: no striking features
a: no special abilities


You were on level 3 of the Dungeon.
You visited 1 branch of the dungeon, and saw 3 of its levels.

You collected 23 gold pieces.

Inventory:

Hand Weapons
 a - a +0 hand axe (weapon)
Armour
 b - a +0 leather armour
 d - a +0 ring mail (worn)
Wands
 g - a wand of digging (3)
Potions
 f - a potion of haste


   Skills:
 + Level 3.0 Fighting
 + Level 2.0 Axes
 + Level 2.0 Dodging
 + Level 5.0 Stealth


You couldn't memorise any spells.
You didn't know any spells.
Your spell library was empty.

Dungeon Overview and Level Annotations

Branches:
Dungeon (5/15)
 Temple: D:4-7

Altars:

Shops:
D:3 =


Message History

A ball python comes into view.
The ball python hisses angrily.
Found 11 gold pieces.
The ball python bites you but does no damage.
The ball python grabs you. The ball python constricts you.
You see here 11 gold pieces.
You now have 23 gold pieces (gained 11).
The ball python bites you. The ball python constricts you.
You escape the ball python's grasp.
Found Uttuox's Jewellery Boutique.
You closely miss the ball python. The ball python barely misses you.
The ball python grabs you. The ball python constricts you.
The ball python bites you but does no damage.
The ball python constricts you.
* * * LOW HITPOINT WARNING * * *
You hit the ball python.
The ball python is moderately wounded.
The ball python barely misses you. The ball python constricts you.
You closely miss the ball python.
The ball python is moderately wounded.
The ball python bites you but does no damage.
The ball python constricts you. The ball python barely misses you.
The ball python constricts you.
You closely miss the ball python.
You punch the ball python, but do no damage.
The ball python is moderately wounded.
The ball python bites you.
* * * LOW HITPOINT WARNING * * *
The ball python constricts you.
You closely miss the ball python.
The ball python is moderately wounded.
The ball python bites you but does no damage.
The ball python constricts you.
* * * LOW HITPOINT WARNING * * *
The ball python bites you but does no damage.
The ball python constricts you.
You closely miss the ball python.
The ball python is moderately wounded.
The ball python bites you.
You die...

### #.... ...## .... ... #
#.# .##########.#
#######........∩@S.#
.........#########.###...
####o(.#..................
####...#.........#........
§....#####.##.#.#######...
§oo....# .. #.#.# .#
#####..#(# #.#.. # #o...#
#.#### # #.#### #.##


You could see a ball python.

Vanquished Creatures
  A hobgoblin (D:4)
1 creature vanquished.

Notes
Turn   | Place    | Note
-------+----------+-------------------------------------------
     0 | D:5      | blackman the Human Delver began the quest for the Orb.
     0 | D:5      | Reached XP level 1. HP: 18/18 MP: 1/1
     5 | D:5      | Noticed a hound
   219 | D:3      | Noticed an orc wizard
   220 | D:3      | Noticed an orc priest
   284 | D:3      | Found Uttuox's Jewellery Boutique.
   292 | D:3      | Slain by a ball python

Illustrated notes

Levels and vault maps discovered:
D:3:      layout_loops_ring, minitemple, lemuel_coloured_pillars_altar,
          serial_shops, shop, corexii_leaking_fountain
D:4:      layout_basic, uniq_pikel, uniq_edmund, uniq_natasha
D:5:      layout_basic, grunt_decor_arrowhead

Action                   || total
-------------------------++-------
Melee: Hand axe          ||    18
       Punch             ||     1
  Use: Scroll            ||     3
Armor: Ring mail         ||     5
Dodge: Dodged            ||    11

Table legend: (Time is in decaauts)
 A = Elapsed time spent in this place.
 B = Non-inter-level travel time spent in this place.
 C = Inter-level travel time spent in this place.
 D = Time resting spent in this place.
 E = Time spent auto-exploring this place.
 F = Levels seen in this place.
 G = Mean time per level.
                   A        B        C        D        E       F      G
               +--------+--------+--------+--------+--------+-----+--------+
         Total |    295 |    275 |     20 |      0 |    130 |   3 |   98.3 |
       Dungeon |    295 |    275 |     20 |      0 |    130 |   3 |   98.3 |
               +--------+--------+--------+--------+--------+-----+--------+

Top non-repeatable levels by time:
     D:4: 167 daAuts
     D:3: 89 daAuts
     D:5: 39 daAuts
